Map: Cerulean Fall LE

Players

Semper - Winner!

  • Race: Terran Terran
  • Spawn Location: 1:00

Rhizer

  • Race: Protoss Protoss
  • Spawn Location: 7:00

Event: WCS Montreal 2018

VOD

Have the link to the VOD?

Description

Time

  • Played on: Sept. 7, 2018, 5:16 p.m.
  • Length: 6:50

All games in this series

Show
View Real Time Build Order
Export as new Build Order

Semper Terran - Winner!

Build Orders: Reaper Expand 

Get SALT Encoding   

  12  0:00  SCV  
  13  0:12  SCV  
  14  0:17  Supply Depot  
  14  0:25  SCV  
  15  0:39  SCV  
  15  0:40  Barracks  
  16  0:45  Refinery  
  16  0:51  SCV  
  17  1:03  SCV  
  18  1:15  SCV  
  19  1:27  Orbital Command  
  19  1:28  Reaper  
  20  1:44  Command Center  
  20  1:54  SCV  
  20  2:00  Marine  
  22  2:01  Supply Depot  
  22  2:07  SCV  
  23  2:16  Factory  
  23  2:23  SCV, Barracks Reactor  
  23  2:25  Refinery  
  24  2:35  SCV  
  25  2:47  SCV  
  26  2:56  Orbital Command  
  25  2:59  SCV  
  25  3:00  Marine x2  
  25  3:01  Starport  
  25  3:03  Widow Mine  
  30  3:11  SCV  
  31  3:18  Marine x2  
  33  3:22  SCV  
  33  3:23  SCV  
  33  3:24  Widow Mine  
  37  3:33  Supply Depot  
  37  3:34  SCV  
  38  3:35  SCV  
  38  3:38  Medivac  
  38  3:39  Marine x2  
  43  3:46  SCV, Factory Tech Lab  
  43  3:47  SCV  
  45  3:55  Supply Depot  
  45  3:57  Marine x2  
  45  3:58  SCV  
  45  3:59  SCV  
  49  4:04  Engineering Bay  
  49  4:05  Siege Tank  
  52  4:10  SCV  
  52  4:14  SCV  
  52  4:16  Viking  
  56  4:17  Bunker  
  56  4:19  Marine x2  
  56  4:24  Supply Depot, SCV  
  60  4:31  SCV  
  60  4:34  Missile Turret  
  60  4:36  SCV  
  61  4:40  Marine  
  61  4:45  Siege Tank, Missile Turret, Marine  
  66  4:47  Supply Depot  
  66  4:50  Starport Tech Lab  
  66  4:53  SCV  
  67  5:03  Marine x2  
  67  5:05  SCV  
  70  5:13  SCV  
  71  5:14  Raven  
  71  5:19  Command Center  
  71  5:20  SCV  
  74  5:26  Marine x2  
  76  5:28  Supply Depot  
  76  5:29  Refinery, Supply Depot  
  76  5:30  Refinery  
  76  5:31  SCV  
  71  5:36  Siege Tank  
  71  5:42  SCV  
  75  5:46  Barracks  
  75  5:47  Barracks  
  75  5:50  SCV  
  75  5:54  SCV  
  77  6:04  SCV  
  77  6:06  Starport Reactor  
  77  6:07  Marine  
  79  6:12  SCV  
  79  6:15  Supply Depot  
  79  6:16  SCV  
  81  6:20  Barracks x2  
  81  6:24  SCV  
  82  6:28  Bunker  
  82  6:30  Supply Depot  
  82  6:33  Supply Depot x2  
  83  6:43  Factory Reactor  
Show
View Real Time Build Order
Export as new Build Order

Rhizer Protoss 

Build Orders: 1 Gate Expand, Dark Templar Rush 

Get SALT Encoding   

  12  0:01  Probe  
  13  0:13  Probe  
  14  0:19  Pylon  
  14  0:25  Probe  
  15  0:33  Probe  
  15  0:39  Gateway  
  15  0:41  Probe  
  16  0:46  Assimilator  
  17  0:51  Probe  
  18  1:03  Probe  
  19  1:15  Probe  
  20  1:23  Nexus  
  20  1:35  Cybernetics Core  
  20  1:36  Probe  
  21  1:42  Assimilator  
  21  1:48  Probe  
  21  1:52  Pylon  
  22  2:00  Probe  
  23  2:03  Adept  
  23  2:08  Probe  
  23  2:13  Warp Gate  
  25  2:16  Probe  
  26  2:23  Stalker  
  26  2:26  Probe  
  27  2:35  Twilight Council  
  27  2:36  Probe  
  30  2:40  Probe  
  31  2:48  Probe  
  31  2:49  Pylon  
  32  2:52  Probe  
  33  2:59  Robotics Facility  
  33  3:02  Probe  
  34  3:07  Stalker  
  34  3:10  Probe  
  37  3:16  Probe, Pylon  
  38  3:22  Probe  
  39  3:29  Probe  
  39  3:30  Dark Shrine, Probe  
  41  3:38  Probe  
  41  3:39  Stalker  
  41  3:41  Probe  
  45  3:50  Warp Prism  
  45  3:51  Gateway  
  45  3:53  Probe, Gateway  
  46  4:02  Probe  
  49  4:07  Probe  
  49  4:08  Shield Battery  
  50  4:11  Pylon  
  50  4:16  Probe  
  51  4:19  Assimilator, Shadow Stride  
  51  4:20  Assimilator  
  51  4:22  Probe  
  52  4:26  Pylon  
  52  4:30  Pylon  
  50  4:33  Stalker  
  50  4:36  Probe  
  50  4:37  Probe  
  54  4:41  Charge  
  52  5:02  Dark Templar x2  
  52  5:04  Probe x2  
  56  5:17  Gateway  
  56  5:19  Gateway  
  56  5:21  Gateway  
  56  5:24  Gateway x2  
  57  5:28  Observer  
  57  5:30  Dark Templar  
  57  5:34  Dark Templar  
  57  5:35  Probe  
  62  5:42  Dark Templar  
  64  5:50  Pylon  
  64  6:01  Nexus  
  64  6:13  Dark Templar x2  
  64  6:16  Dark Templar  
  64  6:17  Zealot x2  
  74  6:22  Zealot x2  
  78  6:31  Pylon  
  78  6:43  Zealot x2  
  78  6:44  Zealot  
Tags
 
Add a new tag
Caveats
  • Supply blocks, unpowered buildings, or Contaminate may cause inaccurate times.
  • Supply counts are checked every 10 seconds.